 Dungeon Sprint DCSS version 0.31-a0-960-g0fca184906 (webtiles) character file.

Game seed: 15160132520127591347

1483 sircluck the Grappler (level 8, 0/139 HPs)
             Began as a Troll Berserker on Oct 23, 2023.
             Was the Champion of Trog.
             Succumbed to a killer bee's poison
             ... in the Dungeon (Sprint VII: "The Pits").
             The game lasted 00:01:43 (409 turns).

sircluck the Grappler (Troll Berserker)              Turns: 409, Time: 00:01:44

Health: 0/139      AC:  4    Str: 31    XL:     8   Next: 50%
Magic:  7/7        EV: 12    Int:  3    God:    Trog [******]
Gold:   0          SH:  0    Dex:  9    Spells: 7/7 levels left

rFire   . .          .
                       - Unarmed
rCold   . . .        (no shield)
rNeg    . . .        a - +0 animal skin
rPois   .            (helmet restricted)
rElec   .            (no cloak)
rCorr   .            (gloves unavailable)
SInv    .            (boots unavailable)
Will    .....        (no amulet) Stlth
                     m - +3 ring of strength
HPRegen 1.23/turn    (no ring)
MPRegen 0.10/turn

%: no teleportation
@: berserking (expiring), lethally poisoned (0 -> -5), very quick
A: large, unfitting armour, claws 3, regeneration 1, shaggy fur 1, tough skin 1
a: Renounce Religion, Berserk, Trog's Hand, Brothers in Arms


You were in the Dungeon.
You worshipped Trog.
Trog was exalted by your worship.
You visited 1 branch

Inventory:

Armour
 a - a +0 animal skin (worn)
Jewellery
 k - a +3 ring of intelligence
 m - a +3 ring of strength (left claw)
Scrolls
 g - a scroll of blinking
 i - 2 scrolls of vulnerability
 j - a scroll of summoning
Potions
 b - 8 potions of curing
 c - 10 potions of heal wounds
 d - a potion of haste
 e - 4 potions of magic
 f - 5 potions of berserk rage
 h - 2 potions of invisibility
 l - a potion of might
 n - a potion of resistance


   Skills:
 + Level 9.7 Fighting
 + Level 1.8 Armour
 + Level 9.6 Dodging
 + Level 11.3 Unarmed Combat


You had 7 spell levels left.
You didn't know any spells.
Your spell library was empty.

Dungeon Overview and Level Annotations

Branches:
Dungeon (1/1)

Altars:
Ashenzari
Cheibriados
Dithmenos
Elyvilon
Fedhas
Gozag
Hepliaklqana
Kikubaaqudgha
Makhleb
Nemelex Xobeh
Okawaru
Qazlal
Ru
Sif Muna
Trog
Uskayaw
Vehumet
Wu Jian
Xom
Yredelemnul
Zin
The Shining One
Jiyva
Lugonu


Innate Abilities, Weirdness & Mutations

You are too large for most types of armour.
You have claws for hands.
Your natural rate of healing is unusually fast.
You are covered in fur. (AC +1)
You have tough skin. (AC +1)


Message History

The killer bee stings you!
* * * LOW HITPOINT WARNING * * *
The killer bee barely misses you.
The killer bee stings you but does no damage.
Unknown command.
Unknown command.
You miss the killer bee.
The killer bee is almost dead.
You feel very sick. The killer bee misses you. The killer bee stings you.
* * * LOW HITPOINT WARNING * * *
The killer bee stings you.
* * * LOW HITPOINT WARNING * * *
Unknown command.
Unknown command.
Unknown command.
You closely miss the killer bee. Your claw misses the killer bee.
* * * LOW HITPOINT WARNING * * *
You feel very sick. The killer bee closely misses you.
The killer bee misses you. The killer bee barely misses you.
Unknown command.
You claw the killer bee!
You kill the killer bee!
Trog accepts your kill.
* * * LOW HITPOINT WARNING * * *
You feel sick. The killer bee closely misses you.
The killer bee barely misses you.
Unknown command.
Unknown command.
Unknown command.
You mangle the killer bee!!
You kill the killer bee!
Trog accepts your kill.
* * * LOW HITPOINT WARNING * * *
You feel sick. The killer bee completely misses you.
Unknown command.
Unknown command.
You completely miss the killer bee. Your claw misses the killer bee.
You die...

___.#
_...###########++######
###'##................#
))'.##......#..#......#
###.##................+
....÷'................+
'#####......#..#......#
.#).##................#
.'†.#####'#####†@######
##'###.......##'y#
....##.......##...
....##.......##....
'#####...<...##...##
))..##.......##..##
))..##.......##..#
######.......##..#
.#..##########


You could see a killer bee.

Vanquished Creatures
  A rime drake (D)
  A glass eye (D)
  A fire bat (D)
  A steam dragon (D)
  An ice beast (D)
  A sky beast (D)
  A gnoll sergeant (D)
  A wight (D)
  5 killer bees (D)
  A crimson imp (D)
  A quasit (D)
  A gnoll bouda (D)
  2 orc priests (D)
  9 gnolls (D)
  2 ufetubi (D)
  An orc (D)
  A bat (D)
  A bat skeleton (D)
  A bat zombie (D)
  A hobgoblin (D)
  3 kobolds (D)
  2 ball pythons (D)
  A goblin (D)
  A rat (D)
41 creatures vanquished.

Notes
Turn   | Place    | Note
-------+----------+-------------------------------------------
     0 | D        | sircluck the Troll Berserker began the quest for the Orb.
     0 | D        | Reached XP level 1. HP: 22/22 MP: 0/0
    22 | D        | Found a bloodstained altar of Trog.
    22 | D        | Found a shimmering blue altar of Sif Muna.
    22 | D        | Found a viscous altar of Jiyva.
    22 | D        | Found a hazy altar of Hepliaklqana.
    22 | D        | Found an opulent altar of Gozag.
    24 | D        | Found a glowing golden altar of the Shining One.
    24 | D        | Found a glowing silver altar of Zin.
    24 | D        | Found a basalt altar of Yredelemnul.
    24 | D        | Found a shimmering altar of Xom.
    24 | D        | Found an ornate altar of the Wu Jian Council.
    24 | D        | Found a sacrificial altar of Ru.
    24 | D        | Found a stormy altar of Qazlal.
    24 | D        | Found an iron altar of Okawaru.
    24 | D        | Found a sparkling altar of Nemelex Xobeh.
    24 | D        | Found a burning altar of Makhleb.
    24 | D        | Found a blossoming altar of Fedhas.
    24 | D        | Found a white marble altar of Elyvilon.
    24 | D        | Found a shadowy altar of Dithmenos.
    24 | D        | Found a snail-covered altar of Cheibriados.
    26 | D        | Found a radiant altar of Vehumet.
    26 | D        | Found a corrupted altar of Lugonu.
    27 | D        | Found a hide-covered altar of Uskayaw.
    27 | D        | Found an ancient bone altar of Kikubaaqudgha.
    27 | D        | Found a broken altar of Ashenzari.
    74 | D        | Reached ** piety under Trog
    77 | D        | Reached XP level 2. HP: 31/31 MP: 1/1
    78 | D        | Noticed a fire bat
    82 | D        | Killed a fire bat
    83 | D        | Reached skill level 5 in Fighting
    83 | D        | Reached skill level 5 in Dodging
    83 | D        | Reached skill level 6 in Unarmed Combat
    83 | D        | Reached XP level 3. HP: 32/42 MP: 2/2
    83 | D        | Reached XP level 4. HP: 38/50 MP: 3/3
    83 | D        | Reached XP level 5. HP: 43/57 MP: 4/4
    83 | D        | Reached *** piety under Trog
   135 | D        | Noticed an ice beast
   142 | D        | Reached **** piety under Trog
   143 | D        | Reached skill level 7 in Unarmed Combat
   154 | D        | Killed an ice beast
   155 | D        | Reached XP level 6. HP: 68/68 MP: 5/5
   157 | D        | Reached skill level 8 in Unarmed Combat
   159 | D        | Reached ***** piety under Trog
   214 | D        | Received a gift from Trog
   216 | D        | Noticed a steam dragon
   218 | D        | Killed a steam dragon
   219 | D        | Reached skill level 9 in Unarmed Combat
   219 | D        | Reached XP level 7. HP: 64/80 MP: 6/6
   235 | D        | Noticed a glass eye
   245 | D        | Killed a glass eye
   246 | D        | Reached skill level 10 in Unarmed Combat
   262 | D        | Noticed a rime drake
   287 | D        | Killed a rime drake
   288 | D        | Reached XP level 8. HP: 92/92 MP: 7/7
   290 | D        | Reached ****** piety under Trog
   290 | D        | Received a gift from Trog
   300 | D        | Reached skill level 11 in Unarmed Combat
   397 | D        | Reached skill level 1 in Armour
   398 | D        | Received a gift from Trog
   406 | D        | HP: 4/138 [poisoned by a killer bee]
   409 | D        | Succumbed to a killer bee's poison

Illustrated notes

Levels and vault maps discovered:
D:        pitsprint [storerooms_1, entrance_room_1, metal_vault_6, armoury_1,
          mini_pit_1, grid_room_1, main_hall_1, silver_pit, the_coven_3,
          the_vestibule_1, steel_vault_1, golden_pit, hallway_of_sentries,
          crystal_vault_1, iron_vault_3, final_vault]

Skill      XL: |  1  2  3  4  5  6  7  8 |
---------------+-------------------------+-----
Fighting       | 3 5 6 8 9 |  9.7
Dodging        | 3 5 6 7 9 |  9.6
Unarmed Combat | 6 7 9 10 11 | 11.3
Armour         | 1 |  1.8

Action                     |  1- 3 |  4- 6 |  7- 9 || total
---------------------------+-------+-------+-------++-------
  Melee: Unarmed           |    12 |    43 |    48 ||   103
         Punch             |       |       |     1 ||     1
 Invoke: Berserk           |       |     1 |     2 ||     3
 Armour: Animal skin       |    13 |    25 |    33 ||    71
  Dodge: Dodged            |     6 |    20 |    42 ||    68

Table legend: (Time is in decaauts)
 A = Elapsed time spent in this place.
 B = Non-inter-level travel time spent in this place.
 C = Inter-level travel time spent in this place.
 D = Time resting spent in this place.
 E = Time spent auto-exploring this place.
 F = Levels seen in this place.
 G = Mean time per level.
                   A        B        C        D        E       F      G
               +--------+--------+--------+--------+--------+-----+--------+
         Total |    402 |    402 |      0 |     48 |    127 |   1 |  402.0 |
       Dungeon |    402 |    402 |      0 |     48 |    127 |   1 |  402.0 |
               +--------+--------+--------+--------+--------+-----+--------+

Top non-repeatable levels by time:
       D: 402 daAuts
